[Event "*** Titled Tuesday Blitz"]
[Site "Chess.com"]
[Date "2019.12.03"]
[Round "9"]
[White "HiHaruka"]
[Black "Filip_Covic"]
[Result "0-1"]
[WhiteElo "2309"]
[BlackElo "2462"]
[TimeControl "180+2"]
[EndTime "15:04:49 PST"]
[Termination "Filip_Covic won on time"]

1. Nf3 Nf6 2. c4 g6 3. Nc3 Bg7 4. b3 O-O 5. Bb2 c5 6. d4 cxd4 7. Nxd4 d5 8. e3 Nc6 9. Be2 dxc4 10. Nxc6 bxc6 11. Bxc4 Qa5 12. O-O Rd8 13. Qf3 Bf5 14. Qxc6 Ng4 15. Na4 Bxb2 16. Nxb2 Qe5 17. g3 Qxb2 18. h3 Ne5 19. Qg2 Nxc4 20. bxc4 Qe5 21. g4 Be4 22. f3 Bb7 23. e4 Qd4+ 24. Kh1 Qxc4 25. Rf2 Rd3 26. Rb1 Bc6 27. Rc2 Rc3 28. Rbc1 Rxc2 29. Rxc2 Qe6 30. Qd2 Rb8 31. Qf4 Rb1+ 32.
Kg2 Ba4 33. Rd2 Qb6 0-1

[Event "*** Titled Tuesday Blitz"]
[Site "Chess.com"]
[Date "2019.12.03"]
[Round "9"]
[White "Man-Chuk"]
[Black "1977Ivan"]
[Result "1-0"]
[WhiteElo "2926"]
[BlackElo "2787"]
[TimeControl "180+2"]
[EndTime "15:04:55 PST"]
[Termination "Man-Chuk won by resignation"]

1. d4 Nf6 2. c4 c5 3. d5 b5 4. f3 g6 5. e4 Bg7 6. cxb5 a6 7. Na3 O-O 8. Ne2 e6 9. Nc3 exd5 10. Nxd5 axb5 11. Nxb5 Nc6 12. Ndc3 Nd4 13. Be3 d5 14. e5 Nxb5 15. Bxb5 d4 16. exf6 Bxf6 17. Ne4 dxe3 18. Qxd8 Bxd8 19. Ke2 f5 20. Nxc5 Bf6 21. a4 f4 22. Rhd1 Bf5 23. Nd7 Bxd7 24. Rxd7 Bxb2 25. Rb1 Be5 26. Bc4+ Kh8 27. Rbb7 1-0

[Event "*** Titled Tuesday Blitz"]
[Site "Chess.com"]
[Date "2019.12.03"]
[Round "9"]
[White "AryanTari"]
[Black "Korchmar_Vasiliy"]
[Result "0-1"]
[WhiteElo "2834"]
[BlackElo "2766"]
[TimeControl "180+2"]
[EndTime "15:04:55 PST"]
[Termination "Korchmar_Vasiliy won by resignation"]

1. e4 c5 2. Nf3 d6 3. Nc3 Nc6 4. d4 cxd4 5. Nxd4 Nf6 6. g3 g6 7. Bg2 Bd7 8. Nde2 Bg7 9. O-O Qc8 10. Nf4 h5 11. h4 Ne5 12. Ncd5 g5 13. Nxf6+ Bxf6 14. Nd5 gxh4 15. Nxf6+ exf6 16. Qxd6 Be6 17. Bf4 h3 18. Bxe5 hxg2 19. Bxf6 gxf1=Q+ 20. Rxf1 Qd7 21. Qb4 Rg8 22. Kh2 Rc8 23. Rd1 Qc7 24. Rd6 Rg6 25.
e5 Rg4 26. Qb5+ Bd7 27. Qd3 Qxc2 28. Rxd7 Qxf2+ 29. Kh3 Rxg3+ 30. Qxg3 Qxg3+ 31. Kxg3 Kxd7 32. Kh4 Ke6 0-1

[Event "*** Titled Tuesday Blitz"]
[Site "Chess.com"]
[Date "2019.12.03"]
[Round "9"]
[White "SerGo055"]
[Black "gmcorrales"]
[Result "0-1"]
[WhiteElo "2543"]
[BlackElo "2731"]
[TimeControl "180+2"]
[EndTime "15:05:00 PST"]
[Termination "gmcorrales won on time"]

1. d4 Nf6 2. Nf3 g6 3. c4 Bg7 4.
Nc3 d5 5. e3 O-O 6. Qb3 e6 7.
Bd2 c5 8. dxc5 Na6 9. Qa3 Ne4 10. Nxe4 dxe4 11. Nd4 Qg5 12. b4 Rd8 13. h4 Qg4 14.
Bc3 Nc7 15. h5 e5 16. Nb5 Nxb5 17. cxb5 Be6 18. h6 Bf6 19. Qb2 Rd5 20. g3 Rad8 21. Be2 Qg5 22. Bc4 Bg4 23. Bxd5 Rxd5 24. Qc2 Qf5 25.
Rg1 Rd3 26. Bb2 Bg5 0-1

[Event "*** Titled Tuesday Blitz"]
[Site "Chess.com"]
[Date "2019.12.03"]
[Round "9"]
[White "FearNoEvil12"]
[Black "Orest_Vovk"]
[Result "1-0"]
[WhiteElo "2025"]
[BlackElo "2309"]
[TimeControl "180+2"]
[EndTime "15:05:01 PST"]
[Termination "FearNoEvil12 won by resignation"]

1. e4 Nc6 2. d4 e5 3. Nf3 Nxd4 4. Nxd4 exd4 5. Qxd4 Ne7 6. Bc4 Nc6 7. Qe3 Bb4+ 8.
Bd2 Bxd2+ 9. Nxd2 O-O 10. O-O-O d6 11. h4 Be6 12. Bb3 Bxb3 13. axb3 a5 14. Rh3 a4 15. bxa4 Rxa4 16. Nb3 Na5 17. Nxa5 Rxa5 18. Rd3 Qf6 19. Qd4 Qf4+ 20. Qe3 Ra1+ 21. Kd2 Qxe3+ 22. Rdxe3 Rg1 23. Rhg3 g6 24. h5 Ra8 25. hxg6 hxg6 26. e5 dxe5 27.
Rxe5 Rd8+ 28. Kc3 Rd6 29. Re7 Rc6+ 30. Kb3 Rf6 31. Rxc7 Rxf2 32. Rxb7 Rgxg2 33. Rxg2 Rxg2 34. c4 g5 35. c5 Rg1 36. Rb4 Kf8 37. Rc4 Ke7 38. Kb4 Rb1 39. b3 f5 40. c6 Kd8 41.
Rc5 Rf1 42. Kb5 Kc7 43. Rd5 g4 44. Rd7+ Kc8 45. Rg7 Rb1 46. b4 Rb3 47. Kc5 g3 48. b5 f4 49. b6 Rc3+ 50. Kd5 Rd3+ 51. Ke4 Rd8 52. Kxf4 Rf8+ 53. Kxg3 Kb8 54. Kg4 Rc8 55.
Rb7+ Ka8 56. Rc7 Rb8 57. b7+ Ka7 58. Kf5 Rf8+ 59. Ke6 Rf1 60. Rc8 Re1+ 61. Kd6 Rd1+ 62. Kc7 Rd7+ 63. Kxd7 1-0

[Event "*** Titled Tuesday Blitz"]
[Site "Chess.com"]
[Date "2019.12.03"]
[Round "9"]
[White "IMTominho"]
[Black "TigrVShlyape"]
[Result "0-1"]
[WhiteElo "2726"]
[BlackElo "2854"]
[TimeControl "180+2"]
[EndTime "15:05:07 PST"]
[Termination "TigrVShlyape won by resignation"]

1. d4 Nf6 2. c4 e6 3. Nf3 b6 4. g3 a5 5. Bg2 Ba6 6. b3 c6 7. O-O d5 8. Nbd2 Nbd7 9. Bb2 Bb4 10. a3 Be7 11. Qc2 O-O 12. e4 Rc8 13. Rfd1 Qc7 14. Rac1 Qb8 15. Ne5 Nxe5 16. dxe5 Nd7 17. f4 Rfd8 18. Qb1 Nc5 19. exd5 cxd5 20. cxd5 Bd3 21.
Qa1 exd5 22. Bd4 Bf5 23. h3 h5 24. Kh2 Nd3 25. Rxc8 Qxc8 26. Nf3 h4 27. g4 Be4 28. f5 Nf4 29. Rc1 Qa6 30. Bf1 Bd3 31. Rd1 Bxf1 32. Rxf1 Rc8 33. Rf2 Qd3 34. e6 f6 35. Qf1 Qe4 36.
Bxb6 Bd6 37. Kg1 Rc3 38. b4 Rb3 39. Nd2 Rg3+ 0-1

[Event "*** Titled Tuesday Blitz"]
[Site "Chess.com"]
[Date "2019.12.03"]
[Round "9"]
[White "resha1988"]
[Black "Squirlolz"]
[Result "1/2-1/2"]
[WhiteElo "2742"]
[BlackElo "2657"]
[TimeControl "180+2"]
[EndTime "15:05:13 PST"]
[Termination "Game drawn by agreement"]

1. d4 Nf6 2. c4 e6 3. Nf3 d5 4.
Nc3 Be7 5. Bg5 Nbd7 6. e3 O-O 7. Bd3 dxc4 8. Bxc4 c5 9. O-O a6 10. dxc5 Nxc5 11. b4 Nce4 12. Qxd8 Bxd8 13. Nxe4 Nxe4 14. Bxd8 Rxd8 15. Rfd1 Bd7 16. Rd4 Bc6 17. Rc1 Kf8 18.
Bd3 Nf6 19. Rxd8+ Rxd8 20. Ne5 Ng4 21. Nxg4 Rxd3 22. Ne5 Ra3 23. Nxc6 bxc6 24. Rxc6 Rxa2 25. g3 g6 26. Kg2 Ra4 27. Rb6 Kg7 1/2-1/2

[Event "*** Titled Tuesday Blitz"]
[Site "Chess.com"]
[Date "2019.12.03"]
[Round "9"]
[White "maciek_92"]
[Black "GelmanAlexander"]
[Result "0-1"]
[WhiteElo "2733"]
[BlackElo "2512"]
[TimeControl "180+2"]
[EndTime "15:05:20 PST"]
[Termination "GelmanAlexander won by resignation"]

1. c4 e5 2. g3 d5 3. cxd5 c6 4. Nf3 e4 5. Nd4 Qxd5 6. e3 Nf6 7. Nc3 Qe5 8. Bg2 Bg4 9. Qc2 Na6 10. Nxe4 Nb4 11.
Nxf6+ gxf6 12. Qc3 O-O-O 13. a3 Nd5 14. Qc2 h5 15. f4 Qe8 16. b4 Kb8 17. O-O Bc8 18. Bb2 h4 19. e4 Nb6 20. Rae1 hxg3 21. hxg3 Bd6 22. e5 fxe5 23. fxe5 Bc7 24. b5 c5 25. Nf5 Nd5 26. Qc4 Be6 27. Ng7 Qg8 28. Nxe6 fxe6 29. Rf3 Qh7 30. Qe4 Qh6 31. d3 c4 32. Bc1 Bb6+ 33.
d4 Qh5 34. Kf2 Rdf8 35. Rh1 Qe8 36. Rxh8 Rxh8 37. a4 c3 38. Rxc3 Qf8+ 39. Rf3 Qb4 40. Be3 Qxa4 41. Rf6 Qa2+ 42. Kg1 Qa1+ 43. Rf1 Qc3 44. Bf2 Qd2 45. Qg4 Nc3 46. Re1 Rf8 47. Bf3 Qd3 48. Kg2 Qd2 49. Rd1 Nxd1 0-1

[Event "*** Titled Tuesday Blitz"]
[Site "Chess.com"]
[Date "2019.12.03"]
[Round "9"]
[White "IgorBjelobrk"]
[Black "piscatorox"]
[Result "1-0"]
[WhiteElo "2683"]
[BlackElo "2291"]
[TimeControl "180+2"]
[EndTime "15:05:23 PST"]
[Termination "IgorBjelobrk won by resignation"]

1. d4 Nf6 2. c4 g6 3. Nc3 Bg7 4. Nf3 d6 5. e4 O-O 6. h3 Nbd7 7. Be3 e5 8. d5 Nh5 9. g3 a6 10. Be2 Nc5 11. Nd2 f5 12. exf5 gxf5 13. Bxc5 Nxg3 14.
fxg3 dxc5 15. Qc2 b5 16. cxb5 axb5 17. Bxb5 e4 18. O-O-O Ba6 19. Bxa6 Rxa6 20. Nc4 Qg5+ 21. Kb1 Rb8 22. d6 cxd6 23. Rxd6 Qxg3 24. Rxa6 Bxc3 25. Rb6 Rxb6 26. Nxb6 Bd4 27. Qb3+ Qxb3 28. axb3 f4 29. Kc2 f3 30. Nd5 e3 31. Kd3 e2 32. Nc3 Kf7 33.
Nxe2 fxe2 34. Kxe2 Bxb2 35. Kd3 Ba3 36. Ke4 Kg6 37.
Rd1 h6 38. Rd5 Kf6 39. h4 Kg6 40. h5+ Kg7 41. Rd6 Bb4 42. Kf5 Kh7 43. Rd7+ Kg8 44. Kg6 Kf8 45. Kxh6 Ke8 46. Rb7 Kf8 47. Kg6 c4 48.
Rxb4 1-0

[Event "*** Titled Tuesday Blitz"]
[Site "Chess.com"]
[Date "2019.12.03"]
[Round "9"]
[White "Godzillator"]
[Black "MateusViageiro"]
[Result "0-1"]
[WhiteElo "2340"]
[BlackElo "2202"]
[TimeControl "180+2"]
[EndTime "15:05:25 PST"]
[Termination "MateusViageiro won by checkmate"]

1. d4 Nf6 2. c4 e6 3. Nc3 Bb4 4. Qc2 O-O 5. a3 Bxc3+ 6. Qxc3 b6 7. Bg5 h6 8. Bh4 Bb7 9. e3 d6 10. f3 Nbd7 11. Bd3 c5 12. Ne2 Rc8 13. Qb3 cxd4 14. exd4 e5 15. Bf5 exd4 16. O-O Nc5 17. Qd1 d3 18. Nc3 Rb8 19. b4 Ne6 20. Qxd3 Nf4 21.
Qd4 Ng6 22. Bxf6 Qxf6 23. Qxf6 gxf6 24. Nb5 d5 25. cxd5 Bxd5 26. Rfd1 Bb3 27. Rd6 Kg7 28.
Nxa7 Rbe8 29. Nb5 Nf4 30. Nd4 Ne2+ 31. Kf2 Nxd4 32. Rxd4 Re5 33. Bd7 Rd8 34. Rg4+ Kf8 35. Bb5 Rd2+ 36. Kg3 Be6 37. Ba6 Bxg4 38. fxg4 Re3+ 39.
Kf4 Rc3 40. Bb7 Rd4+ 41. Kf5 Kg7 42. Bf3 Re3 43. g5 Re5# 0-1

[Event "*** Titled Tuesday Blitz"]
[Site "Chess.com"]
[Date "2019.12.03"]
[Round "9"]
[White "VeraNebolsina"]
[Black "Olga_Zhuravleva"]
[Result "0-1"]
[WhiteElo "2353"]
[BlackElo "2259"]
[TimeControl "180+2"]
[EndTime "15:05:30 PST"]
[Termination "Olga_Zhuravleva won by resignation"]

1. e4 e5 2. Nf3 Nc6 3. Bb5 f5 4. Nc3 Nf6 5. d3 Bc5 6. O-O O-O 7. Bg5 d6 8. Nd5 Kh8 9. Nxf6 gxf6 10. Bh6 Rg8 11.
Nh4 f4 12. c3 Bg4 13. Qb3 Qe8 14. d4 Qh5 15. g3 Bxd4 16. Bxc6 fxg3 17. hxg3 bxc6 18.
cxd4 Qxh6 19. dxe5 fxe5 20. Ng2 Raf8 21. Qe3 Qh3 22. f4 Rf6 23. Kf2 exf4 24. Qd4 Qxg3+ 25. Kg1 Rf8 26. Rxf4 Bh3 27. Qd2 Rxf4 28. Re1 Rf2 29. Qd4+ R8f6 0-1

[Event "*** Titled Tuesday Blitz"]
[Site "Chess.com"]
[Date "2019.12.03"]
[Round "9"]
[White "vova-79"]
[Black "Mikhail_Golubev"]
[Result "0-1"]
[WhiteElo "2482"]
[BlackElo "2606"]
[TimeControl "180+2"]
[EndTime "15:05:45 PST"]
[Termination "Mikhail_Golubev won by resignation"]

1. d4 Nf6 2. c4 g6 3. Nc3 Bg7 4.
e4 d6 5. f4 O-O 6. Nf3 c5 7. d5 e6 8. Be2 exd5 9. cxd5 b5 10. e5 dxe5 11. fxe5 Ng4 12. O-O Nxe5 13. Nxb5 Bb7 14. d6 Nbd7 15. Nc7 Rb8 16. Kh1 Nxf3 17. Bxf3 Bxf3 18. Qxf3 Ne5 19. Qd5 Rb6 20. Qxc5 Rxd6 21. Bf4 Rc6 22. Qxa7 Rxc7 23. Qe3 Nc4 24. Bxc7 Nxe3 25.
Bxd8 Nxf1 26. Bg5 h6 27. Bf4 g5 28. Rxf1 gxf4 29. b4 Ra8 30. Rxf4 Rxa2 31. g3 Rb2 32. Rc4 Bf8 33. Rg4+ Kh7 34. Rf4 Kg6 35. Rg4+ Kf6 36. Rf4+ Ke6 37. Re4+ Kd7 38. Rf4 Ke8 39. Re4+ Be7 0-1

[Event "*** Titled Tuesday Blitz"]
[Site "Chess.com"]
[Date "2019.12.03"]
[Round "9"]
[White "Darhild"]
[Black "Indianlad"]
[Result "0-1"]
[WhiteElo "2655"]
[BlackElo "2879"]
[TimeControl "180+2"]
[EndTime "15:05:49 PST"]
[Termination "Indianlad won on time"]

1. e4 e5 2. Nf3 Nc6 3. d4 exd4 4. Nxd4 Nf6 5. Nxc6 bxc6 6. e5 Qe7 7. Qe2 Nd5 8.
h4 Qe6 9. g3 Nb4 10. Bh3 Qg6 11. O-O Qxc2 12. Qf3 Qd3 13. Be3 Qd5 14. Qh5 g6 15. Qg5 Bg7 16. Nc3 Qxe5 17. Rae1 O-O 18. Bc5 Qxg5 19. hxg5 Nd3 20. Bxf8 Kxf8 21. Re2 Ba6 22.
Rd1 d5 23. Red2 Ne5 24. Bg2 Nc4 25. Rc2 Nxb2 26. Rxb2 Bxc3 27. Rc2 d4 28. Bxc6 Rb8 29.
Be4 Bc4 30. Bd3 Bxd3 31. Rxd3 c5 32. Rcxc3 dxc3 33. Rxc3 Rc8 34. Kg2 Ke7 35. Kf3 Kd6 36. Ke4 Re8+ 37. Kd3 Re5 38. Ra3 Rxg5 39. Rxa7 Rf5 40. f4 h5 41. Ke4 c4 42. Kd4 h4 43.
gxh4 Rxf4+ 44. Kc3 f5 45. Ra6+ Kc5 46. Rxg6 Rxh4 47.
Rg3 Rg4 48. Rh3 Rg2 49. Rh5 Rg3+ 50. Kc2 Rf3 51. a3 Kd4 52. a4 Rf2+ 53. Kd1 Ke4 0-1

[Event "*** Titled Tuesday Blitz"]
[Site "Chess.com"]
[Date "2019.12.03"]
[Round "9"]
[White "Denis_Palkovich"]
[Black "BvsN"]
[Result "1-0"]
[WhiteElo "2271"]
[BlackElo "2361"]
[TimeControl "180+2"]
[EndTime "15:05:52 PST"]
[Termination "Denis_Palkovich won by resignation"]

1. d4 d5 2. Bf4 c5 3. e3 Nc6 4. c3 Nf6 5. Nd2 Bf5 6. Ngf3 e6 7. Qb3 Qc8 8. Nh4 Be4 9. f3 c4 10. Qd1 Bd3 11. Bxd3 cxd3 12. g4 b6 13. O-O h6 14.
Ng2 g5 15. Bg3 h5 16. h3 hxg4 17. hxg4 Be7 18. Ne1 Qd7 19. Nxd3 Bd6 20. Ne5 Qc7 21.
Qa4 Bxe5 22. Bxe5 b5 23. Qxb5 Qd7 24. Bxf6 Rh6 25. Bxg5 Rg6 26. Bf4 Rb8 27. Qe2 Rxb2 28. Rfb1 Rc2 29. Qd3 e5 30. Qxc2 exf4 31. Nf1 f5 32.
exf4 Kf7 33. g5 Qd6 34. Rb7+ Ne7 35. Qxf5+ Kg8 36. Rxe7 Rg7 37. Re8+ 1-0

[Event "*** Titled Tuesday Blitz"]
[Site "Chess.com"]
[Date "2019.12.03"]
[Round "9"]
[White "Qvalda"]
[Black "NemtsevIgor"]
[Result "1-0"]
[WhiteElo "2498"]
[BlackElo "2328"]
[TimeControl "180+2"]
[EndTime "15:05:54 PST"]
[Termination "Qvalda won by checkmate"]

1. d4 c6 2. c4 d6 3. Nc3 h6 4.
e4 g5 5. Bd3 Bg7 6. Nge2 Nd7 7.
Be3 Nf8 8. h4 g4 9. h5 Qa5 10.
Qd2 Nf6 11. Ng3 a6 12. a3 b5 13. b4 Qc7 14. O-O bxc4 15. Bxc4 Be6 16. Be2 N8h7 17.
Bxh6 Bxh6 18. Qxh6 Qb6 19. d5 Bd7 20. dxc6 Bxc6 21. Rac1 Kd7 22. Qd2 Ke8 23. Nd5 Bxd5 24. exd5 Nd7 25. Bxg4 Ne5 26. Be2 Nf6 27. h6 Kd7 28. Bd1 Rag8 29. Ba4+ Kd8 30. Qc3 Qb8 31. Rc2 Rxg3 32. Qxg3 Rxh6 33. Rfc1 Rg6 34. Qh3 Ned7 35. Bxd7 Nxd7 36. Qh8+ Nf8 37. Qxf8+ Kd7 38. Qxb8 e5 39. Rc7# 1-0

[Event "*** Titled Tuesday Blitz"]
[Site "Chess.com"]
[Date "2019.12.03"]
[Round "9"]
[White "DanielNaroditsky"]
[Black "Sanan_Sjugirov"]
[Result "0-1"]
[WhiteElo "2979"]
[BlackElo "2918"]
[TimeControl "180+2"]
[EndTime "15:05:57 PST"]
[Termination "Sanan_Sjugirov won by resignation"]

1. Nf3 d5 2. g3 c5 3. Bg2 Nc6 4. O-O e5 5. d3 Nf6 6. e4 d4 7. Na3 Bd6 8. Nc4 Bc7 9. a4 O-O 10. Nh4 Rb8 11. Nf5 a6 12. f4 exf4 13. Bxf4 Bxf4 14.
Rxf4 Bxf5 15. Rxf5 Nd7 16. e5 Qc7 17. Qh5 b5 18.
axb5 axb5 19. Ra6 Ne7 20. Rg5 bxc4 21. Rh6 Ng6 22. Rgxg6 Qxe5 23. Rg5 Qe3+ 24. Kf1 Rxb2 25. Rxg7+ Kxg7 26. Rxh7+ Kf6 27. Qh4+ Ke6 28. Be4 Qc1+ 29.
Kg2 Qxc2+ 30. Kf3 Qf2+ 31. Kg4 f5+ 32. Kg5 Rg8+ 33. Kh5 Qe2+ 34. Kh6 Qe3+ 35. Kh5 Nf6+ 36. Qxf6+ Kxf6 37. Rh6+ 0-1

[Event "*** Titled Tuesday Blitz"]
[Site "Chess.com"]
[Date "2019.12.03"]
[Round "9"]
[White "IMRosen"]
[Black "Region_07"]
[Result "1-0"]
[WhiteElo "2596"]
[BlackElo "2388"]
[TimeControl "180+2"]
[EndTime "15:05:58 PST"]
[Termination "IMRosen won by resignation"]

1. d4 f5 2. Bf4 Nf6 3. e3 d6 4. c4 c6 5. Nc3 g6 6. Nf3 Bg7 7.
c5 O-O 8. Qb3+ d5 9. Ne5 Nbd7 10. Bd3 Nxe5 11. Bxe5 Nd7 12. Bxg7 Kxg7 13. h4 e5 14. h5 g5 15. h6+ Kh8 16. O-O-O Qf6 17. Kb1 b6 18.
Nxd5 cxd5 19. Qxd5 Rb8 20. c6 exd4 21. cxd7 Bb7 22.
Qxd4 Qxd4 23. exd4 Bc6 24. Rh5 Rbd8 25. Rxg5 Rxd7 26.
Bc2 Rd6 27. d5 Rxd5 28. Rxd5 Bxd5 29. Rxf5 Rxf5 30. Bxf5 Bxg2 31. Be6 b5 32. b4 a5 33. bxa5 b4 34. a6 b3 35. Bxb3 Bd5 36. a7 Ba8 37. f4 Be4+ 38. Kc1 Bd5 39. f5 Ba8 40. f6 Bd5 41. f7 1-0

[Event "*** Titled Tuesday Blitz"]
[Site "Chess.com"]
[Date "2019.12.03"]
[Round "9"]
[White "pouya21"]
[Black "sergoy"]
[Result "1/2-1/2"]
[WhiteElo "2743"]
[BlackElo "2898"]
[TimeControl "180+2"]
[EndTime "15:05:59 PST"]
[Termination "Game drawn by agreement"]

1. e4 c5 2. Nf3 d6 3. Bb5+ Nd7 4. d4 cxd4 5. Qxd4 a6 6. Be2 Ngf6 7. O-O g6 8. Nc3 Bg7 9. Rd1 O-O 10. e5 Ne8 11. Qh4 Nxe5 12. Nd5 Nxf3+ 13. Bxf3 Nf6 14. Bg5 Be6 15.
Bxf6 exf6 16. Qb4 Rb8 17. Nf4 Qc7 18. Nxe6 fxe6 19. Qxd6 Qf7 20. Re1 Rfe8 21. Rad1 f5 22. c3 Kh8 23. g3 e5 24. Bd5 Qe7 25. Qxe7 Rxe7 26. f3 Bf6 27. Bb3 Kg7 28. Rd6 Rbe8 29. Kf2 e4 30. fxe4 Rxe4 31. Rxe4 Rxe4 32. Bd5 Re5 33.
Rd7+ Kh6 34. Bg8 Re7 35. Rd3 Kg7 36. Bd5 Rd7 37. a4 b6 38. Ke2 a5 39. Kd2 h5 40. b4 Be7 41. bxa5 bxa5 42. Bf3 Rc7 43. h3 h4 44. g4 Kf6 45. Kc2 Kg5 46. gxf5 gxf5 47.
Rd5 Rc5 48. Rxc5 Bxc5 49. Bc6 Kf4 50. Bd7 Ke4 51. Kd2 f4 52. Bc6+ Ke5 53. Kd3 Kd6 54.
Bf3 Be3 1/2-1/2

[Event "*** Titled Tuesday Blitz"]
[Site "Chess.com"]
[Date "2019.12.03"]
[Round "9"]
[White "Kosche007"]
[Black "vovachesss"]
[Result "1/2-1/2"]
[WhiteElo "2321"]
[BlackElo "2535"]
[TimeControl "180+2"]
[EndTime "15:06:00 PST"]
[Termination "Game drawn by agreement"]

1. e4 c6 2. d4 d5 3. exd5 cxd5 4.
Bd3 Nf6 5. c3 Nc6 6. h3 g6 7.
Nf3 Bg7 8. Bf4 O-O 9. O-O Bf5 10.
Bxf5 gxf5 11. Ne5 e6 12. Nd2 Ne4 13. f3 Nxe5 14. Bxe5 Bxe5 15. dxe5 Qb6+ 16. Kh2 Nc5 17. Nb3 Nd7 18. Qd4 Qc7 19. Rae1 Kh8 20. g4 f6 21. f4 fxg4 22. hxg4 fxe5 23. fxe5 Rxf1 24. Rxf1 Qxe5+ 25. Qxe5+ Nxe5 26. Kh3 Re8 27. Nd4 Kg7 28. Re1 Ng6 29. Kg3 e5 30. Nf5+ Kf6 31. Rf1 Nf4 32. Rh1 h5 33. Ne3 Rg8 34. Kf3 hxg4+ 35. Nxg4+ Ke6 36. Rh7 Nd3 37. Rh6+ Kf5 38. Nf6 e4+ 39.
Ke2 Rg2+ 40. Ke3 Kg5 41. Ng8 Rxb2 1/2-1/2

[Event "*** Titled Tuesday Blitz"]
[Site "Chess.com"]
[Date "2019.12.03"]
[Round "9"]
[White "Lovkov_Roman"]
[Black "AliKa2810"]
[Result "0-1"]
[WhiteElo "2742"]
[BlackElo "2593"]
[TimeControl "180+2"]
[EndTime "15:06:05 PST"]
[Termination "AliKa2810 won by resignation"]

1. e4 e6 2. c4 d5 3. cxd5 exd5 4. exd5 Nf6 5. Bb5+ Bd7 6. Bc4 Be7 7. Ne2 O-O 8. O-O Bg4 9. f3 Bh5 10. Nbc3 Nbd7 11.
Nf4 Bg6 12. d3 Nb6 13. Qb3 a5 14. Be3 Re8 15. Nxg6 hxg6 16. d6 Nxc4 17. dxc4 Bxd6 18.
Bf2 Qd7 19. Rad1 Qf5 20. Qb5 Qf4 21. Bg3 Qe3+ 22. Bf2 Qh6 23. g3 Re5 24. Qxb7 Rae8 25. Kg2 Rh5 26. Rh1 g5 27. c5 Be5 28. Rde1 g4 29. Re2 Rf5 30. f4 Bxc3 31. Rxe8+ Nxe8 32. bxc3 Qh3+ 33. Kg1 Rf6 34. Qg2 Qh5 35. Qa8 Re6 36.
h4 gxh3 37. Kh2 c6 38. Qd8 Qf3 0-1

[Event "*** Titled Tuesday Blitz"]
[Site "Chess.com"]
[Date "2019.12.03"]
[Round "9"]
[White "Chempiblinka"]
[Black "vladimirdamjanovic"]
[Result "0-1"]
[WhiteElo "2370"]
[BlackElo "2587"]
[TimeControl "180+2"]
[EndTime "15:06:06 PST"]
[Termination "vladimirdamjanovic won by resignation"]

1. Nf3 Nf6 2. g3 g6 3. Bg2 Bg7 4. O-O O-O 5. d3 d5 6. Nbd2 c5 7. c4 d4 8. a3 a5 9. Rb1 Nc6 10. b4 axb4 11. axb4 Nxb4 12. Nb3 Na2 13. Bd2 Nc3 14.
Bxc3 dxc3 15. Nxc5 Nd7 16. Ne4 Nb6 17. Qb3 Na4 18. Rfc1 Qc7 19. e3 Bf5 20. Nh4 Bxe4 21. Bxe4 Nc5 22. Qb5 Nxe4 23. dxe4 Ra2 24. Nf3 c2 25.
Rb3 Ra1 26. Rxa1 Bxa1 27. Rb1 cxb1=Q+ 28. Qxb1 Bg7 29. Qb5 Rc8 30. Kg2 Qxc4 31. Qxb7 Qc6 32. Qb1 Qc7 33. h4 Rb8 34. Qd3 Qb7 35. e5 e6 36. h5 Qc7 37. Qd4 Rd8 38. Qf4 Qb7 39.
h6 Bf8 40. e4 Be7 41. g4 Rc8 42.
g5 Rc4 43. Nd2 Rd4 44. Qe3 Qb4 45. Nf3 Rxe4 46. Qa7 Rg4+ 47. Kh3 Qf4 48. Qa8+ Bf8 49. Qb7 Rxg5 50. Nxg5 Qxg5 51. Qe4 Qf5+ 52. Qxf5 gxf5 53.
f4 Bxh6 0-1

[Event "*** Titled Tuesday Blitz"]
[Site "Chess.com"]
[Date "2019.12.03"]
[Round "9"]
[White "wild_cat99"]
[Black "Ambitiousresolutions"]
[Result "1-0"]
[WhiteElo "2436"]
[BlackElo "2618"]
[TimeControl "180+2"]
[EndTime "15:06:07 PST"]
[Termination "wild_cat99 won by resignation"]

1. Nf3 Nf6 2. g3 g6 3. Bg2 Bg7 4. O-O d5 5. d4 O-O 6. c4 c6 7. Qc2 Bf5 8. Qa4 dxc4 9. Qxc4 Nbd7 10. Nh4 Be6 11. Qc2 Qb6 12. Rd1 Nd5 13. a3 Bxd4 14. e4 Nc7 15. Rxd4 Qxd4 16. Be3 Qc4 17. Nc3 Nb5 18. Bf1 Qb3 19. Qxb3 Bxb3 20. Nxb5 cxb5 21.
Bxb5 Ne5 22. f4 Bc4 23. Ba4 Ng4 24. Bc5 b5 25. Bd1 Rfc8 26. Bxe7 Ne3 27. Bf3 Bd3 28. Kf2 Nc4 29. e5 Rab8 30. b3 Nd2 31. Rd1 Nxf3 32. Nxf3 Bc2 33. Rd7 Bxb3 34. Nd4 Bc4 35. Rxa7 Ra8 36.
Rb7 Rab8 37. Ra7 Bd3 38. g4 Ra8 39. Rd7 Bc4 40. f5 Ra6 41. f6 Rca8 42. Bb4 R6a7 43. Re7 Rxe7 44. fxe7 Be6 45. Nxb5 Bd7 46. Nd6 g5 47. Ne4 h6 48. Nf6+ 1-0

[Event "*** Titled Tuesday Blitz"]
[Site "Chess.com"]
[Date "2019.12.03"]
[Round "9"]
[White "misha_melnichuk"]
[Black "goldenspine"]
[Result "1-0"]
[WhiteElo "2482"]
[BlackElo "2325"]
[TimeControl "180+2"]
[EndTime "15:06:08 PST"]
[Termination "misha_melnichuk won by resignation"]

1. Nf3 Nf6 2. d4 g6 3. c4 Bg7 4. Nc3 d5 5. Bg5 Ne4 6. Bf4 Nxc3 7. bxc3 c5 8. e3 Nc6 9. Be2 O-O 10. O-O cxd4 11.
cxd4 Bf5 12. cxd5 Qxd5 13. Qa4 Qa5 14. Qxa5 Nxa5 15. Rfc1 Rac8 16. Ne5 a6 17. Bf3 b5 18. g4 Bc2 19. Nd7 Rfd8 20. Nc5 e5 21. Bg3 exd4 22. Rxc2 d3 23. Rac1 dxc2 24. Rxc2 Bf8 25. Bh4 Re8 26. Nd7 Rxc2 27. Nf6+ Kh8 28. Nxe8 Bg7 29. Bd8 Rxa2 30. Bd5 Ra1+ 31. Kg2 Nc4 32. Bxf7 a5 33. g5 a4 34.
Nxg7 Kxg7 35. Bxc4 bxc4 36. Bf6+ Kf7 37. Bxa1 Ke6 38.
Kf3 Kd5 39. e4+ Kc5 40. Ke3 Kb4 41. Kd4 Kb3 42. Bc3 a3 43. e5 a2 44. e6 1-0

[Event "*** Titled Tuesday Blitz"]
[Site "Chess.com"]
[Date "2019.12.03"]
[Round "9"]
[White "Satscho"]
[Black "HrvojeZagreb"]
[Result "1-0"]
[WhiteElo "2342"]
[BlackElo "2218"]
[TimeControl "180+2"]
[EndTime "15:06:10 PST"]
[Termination "Satscho won by resignation"]

1. e4 e6 2. d3 d5 3. Nd2 c5 4. g3 Bd6 5. Bg2 Ne7 6. Ngf3 O-O 7. O-O Bc7 8. Re1 b5 9. e5 a5 10. c4 bxc4 11. dxc4 Bb7 12. Qc2 Ng6 13. cxd5 Bxd5 14. h4 Nd7 15. Nc4 Rb8 16. h5 Bxc4 17. hxg6 Bd5 18. gxf7+ Rxf7 19. Ng5 Nxe5 20. Qxh7+ Kf8 21. Nxf7 Nxf7 22. Bxd5 Qxd5 23. Qe4 Be5 24. Qxd5 exd5 25. Rb1 a4 26. Bf4 Rxb2 27. Bxe5 Rxb1 28. Bxg7+ Kxg7 29. Rxb1 Kf6 30. Rb5 Ke5 31. Rxc5 Kd4 32. Rc7 Nd6 33. Kf1 Nc4 34. g4 Ne5 35. g5 Kd3 36.
Re7 Ng6 37. Re3+ Kc2 38. Re6 Nf4 39. Rf6 Nh5 40. Rd6 Nf4 41. g6 Kb2 42. g7 Kxa2 43.
g8=Q a3 44. Rxd5 Nxd5 45. Qxd5+ Kb2 46. f4 a2 47. Qxa2+ Kxa2 48. f5 Kb3 49. f6 Kc4 50. f7 Kd5 51. f8=Q 1-0

[Event "*** Titled Tuesday Blitz"]
[Site "Chess.com"]
[Date "2019.12.03"]
[Round "9"]
[White "Chesswizard_2007"]
[Black "pulvettd"]
[Result "0-1"]
[WhiteElo "2443"]
[BlackElo "2623"]
[TimeControl "180+2"]
[EndTime "15:06:11 PST"]
[Termination "pulvettd won by resignation"]

1. d4 d5 2. c4 c6 3. Nf3 Nf6 4. e3 Bf5 5. Nc3 a6 6. Nh4 Bc8 7. Bd3 e6 8. O-O Nbd7 9. Nf3 dxc4 10. Bxc4 b5 11. Bb3 c5 12. d5 c4 13. dxe6 fxe6 14.
Bc2 Bb7 15. Nd4 Nc5 16. e4 e5 17. Nf3 Bd6 18. Bg5 O-O 19. Qe2 Ne6 20. Be3 Nd4 21.
Nxd4 exd4 22. Bxd4 Bxh2+ 23. Kxh2 Qxd4 24. Rad1 Qc5 25.
e5 Qxe5+ 26. Qxe5 Ng4+ 27. Kg1 Nxe5 28. Rfe1 Rae8 29. Re3 Ng4 30. Rxe8 Rxe8 31. Bf5 Nf6 32. a4 b4 33. Nb1 Re2 34. Nd2 c3 35. bxc3 bxc3 36.
Nc4 Be4 37. Bxe4 Nxe4 38. Ne5 h6 39. Rc1 c2 40. Nd3 Rd2 41. Nb2 Nc5 42. Kf1 Nb3 43. Ke1 h5 44. Nc4 Rxf2 45. Kxf2 Nxc1 46. Na3 Nd3+ 47. Kg3 c1=Q 48. Kh4 Qxa3 49. Kg5 Qc5+ 50. Kh4 Qf2+ 51. Kh3 Nf4+ 0-1